 Seeded DCSS version 0.29-a0-356-g7bc237e783 (webtiles) character file.

Game seed: 13387057801375688922 (custom seed)

357 zeratav the Conjurer (level 6, 0/36 HPs)
             Began as an Octopode Conjurer on Apr 25, 2022.
             Slain by an iguana (11 damage)
             ... on level 4 of the Dungeon.
             The game lasted 00:05:56 (4203 turns).

zeratav the Conjurer (Octopode Conjurer)            Turns: 4203, Time: 00:05:57

Health: 0/36       AC:  1    Str:  6    XL:     6   Next: 64%
Magic:  4/11       EV: 13    Int: 22    God:
Gold:   144        SH:  0    Dex: 13    Spells: 9/11 levels left

rFire   + . .      SeeInvis +   l - +4 club (spect) {mace}
rCold   x . .      Faith    .   (no shield)
rNeg    . . .      Spirit   .   (helmet restricted)
rPois   .          Reflect  .   (no amulet)
rElec   .          Harm     .   e - ring "Yxeuhue" {Fire Drain Will++ Dex+2 SInv}
rCorr   .          Rampage  .   (no ring)
Will    ++...                   (no ring)
Stlth   +++.......              (no ring)
HPRegen 0.12/turn               (no ring)
MPRegen 0.12/turn               (no ring)
                                (no ring)
                                (no ring)

@: very slightly contaminated
A: almost no armour, amphibious, 8 rings, camouflage 1, gelatinous body 1,
(nimble swimmer 1), tentacles
a: no special abilities


You were on level 4 of the Dungeon.
You visited 1 branch of the dungeon, and saw 4 of its levels.

You collected 144 gold pieces.


Innate Abilities, Weirdness & Mutations

You cannot wear most types of armour.
You are amphibious.
You can wear up to eight rings at the same time.
Your skin changes colour to match your surroundings (Stealth+).
Your rubbery body absorbs attacks. (AC +1, EV +1)
((You are camouflaged when in or above water. (Stealth+)))
You have tentacles for arms and can constrict up to eight enemies at once.


   Skills:
 - Level 2.0 Dodging
 - Level 2.6 Stealth
 + Level 3.3 Spellcasting
 * Level 5.9 Conjurations
 * Level 3.5 Earth Magic


You had 9 spell levels left.
You knew the following spells:

 Your Spells              Type           Power      Damage    Failure   Level
a - Magic Dart            Conj           100%       1d8       1%          1
b - Sandblast             Erth           38%        2d10      2%          1

Your spell library contained the following spells:

 Spells                   Type           Power      Damage    Failure   Level
 Searing Ray              Conj           60%        2d6       1%          2
 Stone Arrow              Conj/Erth      48%        3d10      4%          3
 Passwall                 Tmut/Erth      9%         N/A       9%          2
 Dazzling Flash           Conj/Hex       32%        N/A       11%         3
 Sublimation of Blood     Necr           3%         N/A       19%         2
 Wereblood                Tmut           3%         N/A       19%         2
 Fulminant Prism          Conj/Hex       8%         3d7       34%         4
 Iskenderun's Mystic Bla  Conj/Tloc      16%        2d5       34%         4
 Summon Hydra             Summ           1%         N/A       100%        7

Inventory:

Hand Weapons
 l - a +4 spectral club (weapon) {mace}
   (You took it off Jessica on level 2 of the Dungeon)
Missiles
 f - 118 stones {throwing}
Jewellery
 d - an amulet of faith {!P}
   (You found it on level 2 of the Dungeon)
 e - the ring "Yxeuhue" (left tentacle) {Fire Drain Will++ Dex+2 SInv}
   (You acquired it on level 1 of the Dungeon)

   [ring of fire]

   It enhances your fire magic.
   Dex:       It affects your dexterity (+2).
   rF:        It protects you from fire.
   rC:        It makes you vulnerable to cold.
   SInv:      It lets you see invisible.
   Drain:     It drains your maximum health when unequipped.
   Will:      It greatly increases your willpower.
Scrolls
 b - 2 scrolls of teleportation {unknown}
 h - a scroll of enchant weapon {unknown}
 i - 2 scrolls of enchant armour {unknown}
 k - a scroll of vulnerability {unknown}
 q - a scroll of fear {unknown}
Potions
 a - a potion of magic
 c - 7 potions of curing {unknown}
 g - a potion of heal wounds {unknown}
 j - a potion of attraction {unknown}
 m - a potion of berserk rage {unknown}
 n - a potion of cancellation {unknown}
 o - 2 potions of flight {unknown}
 p - 2 potions of lignification {unknown}
 r - a potion of mutation {unknown}
 s - a potion of ambrosia {unknown}
 t - a potion of resistance {unknown}

Dungeon Overview and Level Annotations

Branches:
Dungeon (4/15)
 Temple: D:4-7

Altars:
Elyvilon
Xom

Annotations:
D:2 1 runed translucent door, Crazy Yiuf

#.............#
#####'#.......#
#.#.......#
#.#...#####
#.#...# .
#.....# ...
+....##
.....#....#
#.....l@###
..#.....)......
#.##.........
#< .......... #
#..........
...######..
###. . ..


You could see an iguana.


Message History

An iguana is nearby!
You miscast Magic Dart.
Nothing appears to happen.
MP[-1]
You lost 1 mp, and now have 6/11 mp.
Casting: Magic Dart (safe; 1% risk of failure)
Confirm with . or Enter, or press ? or * to list all spells.
You don't know that spell.
Casting: Magic Dart (safe; 1% risk of failure)
Confirm with . or Enter, or press ? or * to list all spells.
Aiming: Magic Dart (safe; 1% risk of failure)
Press: ? - help, Shift-Dir - straight line, f/p - iguana
Aim: an iguana (100% to hit)
The magic dart hits the iguana!
MP[-1]
You lost 1 mp, and now have 5/11 mp.
The magic dart hits the iguana.
Casting: Magic Dart (safe; 1% risk of failure)
Confirm with . or Enter, or press ? or * to list all spells.
Aiming: Sandblast (safe; 3% risk of failure)
Press: ? - help, Shift-Dir - straight line, f/p - iguana
Aim: an iguana (heavily wounded, 82% to hit)
The blast of sand hits the iguana.
f - 112 stones {throwing} MP[-1]
You lost 1 mp, and now have 4/11 mp.
Casting: Sandblast (safe; 3% risk of failure)
Confirm with . or Enter, or press ? or * to list all spells.
Aiming: Sandblast (safe; 3% risk of failure)
Press: ? - help, Shift-Dir - straight line, f/p - iguana
Aim: an iguana (severely wounded, 82% to hit)
The blast of sand hits the iguana!
You kill the iguana!
f - 111 stones {throwing} MP[-1]
You lost 1 mp, and now have 3/11 mp.
Your magical contamination has completely faded away.
t - a clear potion MP[+8]
Your mp is fully restored (11).
You now have 144 gold pieces (gained 11).
You open the door.
There is an open door here.
Found a stone staircase leading up.
f - 120 stones {throwing} (gained 9)
A goblin comes into view. It is wielding a +0 dagger.
A goblin is nearby!
The magic dart hits the goblin.
The goblin shouts!
MP[-1]
You lost 1 mp, and now have 10/11 mp.
The magic dart hits the goblin.
You kill the goblin!
MP[-1]
You lost 1 mp, and now have 9/11 mp.
You can't see any susceptible monsters within range! (Use Z to cast anyway.)
An iguana comes into view.
The magic dart hits the iguana but does no damage.
The iguana hisses angrily.
MP[-1]
You lost 1 mp, and now have 8/11 mp.
The magic dart hits the iguana.
MP[-1]
You lost 1 mp, and now have 7/11 mp.
The magic dart hits the iguana.
The iguana bites you!
HP[-11] MP[-1]
You take 11 damage, and now have 25/36 hp.
MASSIVE DAMAGE!! (PAUSE)
You lost 1 mp, and now have 6/11 mp.
You are too injured to fight recklessly!
Casting: Magic Dart (safe; 1% risk of failure)
Confirm with . or Enter, or press ? or * to list all spells.
Aiming: Sandblast (safe; 2% risk of failure)
Press: ? - help, Shift-Dir - straight line, f/p - iguana
Aim: an iguana (moderately wounded, 82% to hit)
You miscast Sandblast.
You are very lightly contaminated with residual magic.
Nothing appears to happen.
The iguana misses you.
MP[-1]
You lost 1 mp, and now have 5/11 mp.
Casting: Sandblast (safe; 2% risk of failure)
Confirm with . or Enter, or press ? or * to list all spells.
Aiming: Sandblast (safe; 2% risk of failure)
Press: ? - help, Shift-Dir - straight line, f/p - iguana
Aim: an iguana (moderately wounded, 82% to hit)
The blast of sand hits the iguana but does no damage.
f - 119 stones {throwing} The iguana bites you!
* * * LOW HITPOINT WARNING * * *
HP[-14]
You take 14 damage, and now have 11/36 hp.
MASSIVE DAMAGE!! (PAUSE)
Casting: Sandblast (safe; 2% risk of failure)
Confirm with . or Enter, or press ? or * to list all spells.
Aiming: Sandblast (safe; 2% risk of failure)
Press: ? - help, Shift-Dir - straight line, f/p - iguana
Aim: an iguana (moderately wounded, 82% to hit)
The blast of sand hits the iguana!
f - 118 stones {throwing} The iguana bites you!
You die...

Skill      XL: |  1  2  3  4  5  6 |
---------------+-------------------+-----
Earth Magic    | 1 2 3 |  3.5
Conjurations   | 5 |  5.9
Spellcasting   | 3 |  3.3
Dodging        | |  2.0
Stealth        | |  2.6

Action                   |  1- 3 |  4- 6 || total
-------------------------+-------+-------++-------
Melee: Unarmed           |     6 |       ||     6
       Dagger            |     9 |       ||     9
       Tentacles         |     3 |       ||     3
       Constrict         |     2 |     1 ||     3
       Club              |       |     5 ||     5
 Cast: Magic Dart        |    41 |   124 ||   165
       Sandblast         |       |    12 ||    12
  Use: Scroll            |     1 |       ||     1
Armor: Skin              |     1 |     1 ||     2
Dodge: Dodged            |    14 |    21 ||    35

Levels and vault maps discovered:
D:1:      saegor_arrival_fortress, layout_rooms,
          shapermc_ecumenical_altar_acropolis, hangedman_decor_riveting
D:2:      layout_loops_corners, serial_rivers, chequers_serial_rivers_micro_a,
          chequers_serial_rivers_room_b, chequers_serial_rivers_large_b,
          chequers_serial_rivers_micro_b, minmay_randomly_rotated_circles,
          uniq_crazy_yiuf_cottage, uniq_terence, uniq_jessica
D:3:      layout_loops_cross, nicolae_overflow_hidden_temple
D:4:      layout_basic, lemuel_crystal_altar, mainiacjoe_overflow_alcove_2,
          minmay_distorted

Notes
Turn   | Place    | Note
-------+----------+-------------------------------------------
     0 | D:1      | zeratav the Octopode Conjurer began the quest for the Orb.
     0 | D:1      | Reached XP level 1. HP: 11/11 MP: 3/3
     0 | D:1      | magus.rc [v1.9.6]
   121 | D:1      | Reached XP level 2. HP: 10/17 MP: 1/5
   326 | D:1      | You pick up a book of Geomancy and begin reading...
   326 | D:1      | You add the spells Sandblast, Passwall and Stone Arrow to
                  | your library.
   491 | D:1      | Identified a scroll of acquirement
   491 | D:1      | Acquired the ring "Yxeuhue" {Fire Drain Will++ Dex+2 SInv}
   598 | D:1      | Found a faded altar of an unknown god.
   797 | D:1      | You pick up a book of Blood and begin reading...
   797 | D:1      | You add the spells Sublimation of Blood, Wereblood and
                  | Summon Hydra to your library.
   965 | D:1      | Learned a level 1 spell: Sandblast
  1088 | D:2      | Noticed Terence
  1110 | D:2      | Reached XP level 3. HP: 21/21 MP: 2/6
  1225 | D:2      | Noticed Jessica
  1231 | D:2      | Killed Jessica
  1232 | D:2      | Reached skill level 1 in Earth Magic
  1370 | D:2      | Reached XP level 4. HP: 27/27 MP: 3/7
  1798 | D:2      | Reached skill level 5 in Conjurations
  1861 | D:2      | Found a runed translucent door.
  1862 | D:2      | Noticed Crazy Yiuf
  2386 | D:2      | Killed Terence
  2387 | D:2      | Reached skill level 2 in Earth Magic
  2387 | D:2      | Reached XP level 5. HP: 26/31 MP: 1/9
  2989 | D:3      | Reached skill level 3 in Spellcasting
  3523 | D:3      | Found a white marble altar of Elyvilon.
  3632 | D:3      | Reached XP level 6. HP: 36/36 MP: 7/10
  3889 | D:4      | Reached skill level 3 in Earth Magic
  4021 | D:4      | Found a shimmering altar of Xom.
  4203 | D:4      | Slain by an iguana

Vanquished Creatures
  A bullfrog (D:4)
  A jelly (D:3)
  Jessica (D:2)
  Terence (D:2)
  2 iguanas (D:4)
  8 adders
  2 worms (D:2)
  A dart slug (D:3)
  4 orcs (D:3)
  8 ball pythons
  4 bats
  8 endoplasms
  6 giant cockroaches
  6 goblins
  8 hobgoblins
  5 quokkas
  4 frilled lizards (D:1)
  2 kobolds (D:1)
  6 rats
78 creatures vanquished.

Table legend:
 A = Non-vault XP
 B = Vault XP
 C = Vault XP percentage of total XP
 D = Non-vault monster count
 E = Vault monster count
 F = Vault count percentage of total count
                 A         B        C        D         E       F
            +---------+---------+-------+---------+---------+-------
      Total |     390 |     120 |  23.5 |      67 |      11 |  14.1
            +---------+---------+-------+---------+---------+-------
        D:1 |      29 |       0 |   0.0 |      20 |       0 |   0.0
        D:2 |      79 |      82 |  50.9 |      21 |       8 |  27.6
        D:3 |     133 |       0 |   0.0 |      20 |       0 |   0.0
        D:4 |     149 |      38 |  20.3 |       6 |       3 |  33.3
            +---------+---------+-------+---------+---------+-------

Illustrated notes

Table legend:
 A = Kills in this place as a percentage of kills in entire the game.
 B = Kills by you in this place as a percentage of kills by you in the entire game.
 C = Kills by friends in this place as a percentage of kills by friends in the entire game.
 D = Other kills in this place as a percentage of other kills in the entire game.
 E = Experience gained in this place as a percentage of experience gained in the entire game.
 F = Experience gained in this place divided by the number of levels of this place that you have seen.
                   A       B       C       D       E      F
               +-------+-------+-------+-------+-------+----------------------
         Total | 100.0 | 100.0 |   N/A |   N/A | 100.0 | 127.5
       Dungeon | 100.0 | 100.0 |   N/A |   N/A | 100.0 | 127.5
               +-------+-------+-------+-------+-------+----------------------

Table legend: (Time is in decaauts)
 A = Elapsed time spent in this place.
 B = Non-inter-level travel time spent in this place.
 C = Inter-level travel time spent in this place.
 D = Time resting spent in this place.
 E = Time spent auto-exploring this place.
 F = Levels seen in this place.
 G = Mean time per level.
                   A        B        C        D        E       F      G
               +--------+--------+--------+--------+--------+-----+--------+
         Total |   4202 |   4093 |    109 |    208 |   3549 |   4 | 1050.5 |
       Dungeon |   4202 |   4093 |    109 |    208 |   3549 |   4 | 1050.5 |
               +--------+--------+--------+--------+--------+-----+--------+

Top non-repeatable levels by time:
     D:2: 1910 daAuts
     D:3: 978 daAuts
     D:1: 977 daAuts
     D:4: 336 daAuts
